Map: Shrines of Lizul

Players

AvatarGensil - Winner!

  • Race: Zerg Zerg
  • Spawn Location: 6:00

King - Winner!

  • Race: Zerg Zerg
  • Spawn Location: 9:00

MonstroTown

  • Race: Terran Terran
  • Spawn Location: 3:00

Michael

  • Race: Terran Terran
  • Spawn Location: 12:00

VOD

Have the link to the VOD?

Description

Time

  • Played on: Aug. 21, 2018, 6:49 p.m.
  • Length: 5:08
Show
View Real Time Build Order
Export as new Build Order

AvatarGensil Zerg - Winner!

Build Orders: Pool Only 

Get SALT Encoding   

  12  0:06  Drone  
  13  0:11  Drone  
  14  0:27  Spawning Pool  
  13  0:31  Extractor  
  13  0:32  Extractor  
  12  0:39  Overlord  
  12  0:42  Drone  
  13  0:47  Drone  
  14  1:19  Zergling x6  
  14  1:24  Baneling Nest  
  16  1:27  Queen  
  18  1:45  Drone x2  
  20  2:14  Lair  
  20  2:17  Zergling x4  
  20  2:18  Overlord  
  21  2:50  Drone x4  
  25  2:52  Extractor  
  24  3:08  Metabolic Boost  
  24  3:15  Zergling x6  
  19  3:36  Zergling x2  
  16  3:46  Drone  
  16  3:47  Zergling x6  
  8  4:13  Drone  
Show
View Real Time Build Order
Export as new Build Order

King Zerg - Winner!

Build Orders: Pool First 

Get SALT Encoding   

  12  0:01  Drone  
  13  0:08  Drone  
  14  0:42  Spawning Pool  
  13  0:46  Extractor, Overlord, Drone  
  13  0:49  Drone  
  14  1:01  Overlord  
  14  1:10  Drone  
  15  1:20  Drone  
  16  1:29  Queen  
  18  1:35  Roach Warren  
  18  1:36  Drone  
  18  1:43  Drone  
  19  1:54  Drone  
  20  2:12  Drone  
  21  2:17  Lair  
  21  2:18  Roach  
  23  2:26  Drone  
  24  2:34  Evolution Chamber  
  24  2:35  Roach  
  25  2:39  Roach x2  
  25  2:41  Overlord  
  29  2:52  Overlord  
  29  3:48  Roach x4  
  35  3:49  Roach  
  39  4:09  Hatchery  
  38  4:38  Extractor  
  38  4:41  Roach x4  
  38  4:42  Overlord  
  45  4:50  Drone  
Show
View Real Time Build Order
Export as new Build Order

MonstroTown Terran 

Build Orders:  

Get SALT Encoding   

  12  0:01  SCV  
  13  0:14  SCV  
  14  0:19  Supply Depot  
  14  0:40  SCV  
  14  0:42  Barracks  
  15  0:51  Refinery  
  15  0:54  SCV  
  16  1:08  SCV, Barracks  
  17  1:17  Refinery  
  17  1:20  SCV  
  19  1:32  SCV  
  19  1:35  Reaper  
  20  1:51  Bunker  
  20  1:52  Orbital Command  
  20  1:58  Reaper  
  20  2:07  Reaper  
  21  2:13  Supply Depot  
  21  2:19  SCV  
  22  2:27  Supply Depot  
  22  2:30  Reaper  
  23  2:46  Reaper  
  24  2:58  SCV  
  25  3:03  Reaper  
  26  3:18  Reaper  
  21  4:24  Factory  
Show
View Real Time Build Order
Export as new Build Order

Michael Terran 

Build Orders: Reaper Expand 

Get SALT Encoding   

  12  0:02  SCV  
  13  0:24  Supply Depot  
  13  0:41  SCV  
  14  0:51  Barracks  
  14  0:53  SCV  
  15  0:57  Refinery  
  15  1:02  Supply Depot  
  15  1:05  SCV  
  16  1:17  SCV  
  17  1:28  Refinery  
  17  1:32  SCV  
  18  1:41  Barracks  
  18  1:47  Reaper  
  20  1:56  Orbital Command  
  19  2:19  Marine  
  20  2:24  Supply Depot  
  20  2:29  Reaper  
  21  2:35  Barracks  
  21  2:37  Reaper  
  22  3:00  SCV  
  22  3:01  Reaper  
  24  3:09  Reaper  
  24  3:12  SCV  
  26  3:24  SCV  
  26  3:26  Marine  
  26  3:33  Marine  
  20  4:19  Factory  
  20  4:27  Command Center  
  20  4:28  Engineering Bay  
Tags
 
Add a new tag
Caveats
  • Supply blocks, unpowered buildings, or Contaminate may cause inaccurate times.
  • Supply counts are checked every 10 seconds.